 Dungeon Crawl Stone Soup version 0.17-a0-2215-g49c1de0 (webtiles) character file.

2239 mrath the Ducker (level 9, -5/68 HPs)
             Began as a Merfolk Ice Elementalist on Oct 27, 2015.
             Was a Follower of Okawaru.
             Slain by a killer bee (7 damage)
             ... on level 7 of the Dungeon.
             The game lasted 01:33:21 (10310 turns).

mrath the Ducker (Merfolk Ice Elementalist)        Turns: 10310, Time: 01:33:21

Health: -5/68      AC:  9    Str:  8    XL:     9   Next: 36%
Magic:  13/17      EV: 17    Int: 14    God:    Okawaru [*.....]
Gold:   372        SH:  0    Dex: 18    Spells: 4 memorised, 9 levels left

rFire  + . .     SeeInvis .     R - +2 trident (venom)
rCold  . . .     Clarity  .     a - +0 robe
rNeg   + . .     SustAt   .     (no shield)
rPois  +         Gourm    .     o - +2 helmet
rElec  .         Spirit   .     (no cloak)
rCorr  .         Warding  +     D - +2 pair of gloves {archery}
rMut   .         Stasis   .     i - +0 pair of boots
MR     .....                    V - amulet of warding
Stlth  ++........               U - ring of poison resistance
                                m - ring of protection from fire

@: lethally poisoned (-5 -> -9), not resistant to hostile enchantments,
unstealthy
A: change form in water, swift swim
a: Heroism, Renounce Religion


You were on level 7 of the Dungeon.
You worshipped Okawaru.
Okawaru was aware of your devotion.
You were not hungry.

You visited 2 branches of the dungeon, and saw 9 of its levels.
You also visited: Ossuary.

You collected 372 gold pieces.

Inventory:

Hand Weapons
 d - a +0 mace
 l - a +2 dagger of holy wrath
 q - a +0 hunting sling
 R - a +2 trident of venom (weapon)
Missiles
 g - 221 stones (quivered)
 s - a throwing net
 C - 2 tomahawks
 E - 2 poisoned sling bullets
 S - 2 exploding tomahawks
Armour
 a - a +0 robe (worn)
 i - a +0 pair of boots (worn)
 o - a +2 helmet (worn)
 D - a +2 pair of gloves of archery (worn)
Jewellery
 m - a ring of protection from fire (left hand)
 G - an uncursed ring of see invisible
 U - a ring of poison resistance (right hand)
 V - an amulet of warding (around neck)
Wands
 c - a wand of enslavement (12)
 v - a wand of confusion (18)
 J - a wand of frost (16)
 N - a wand of lightning (9)
Scrolls
 e - 4 scrolls of identify
 h - 2 scrolls of fear
 k - a scroll of torment {unknown}
 p - 3 scrolls of magic mapping
 t - 4 scrolls of recharging
 x - 2 scrolls of amnesia {unknown}
 K - a scroll of teleportation {unknown}
 P - a scroll of remove curse
Potions
 f - 2 potions of brilliance {unknown}
 j - a potion of resistance {unknown}
 n - a potion of magic {unknown}
 r - a potion of flight {unknown}
 u - 4 potions of heal wounds {unknown}
 z - 2 potions of cancellation {unknown}
 A - 2 potions of agility {unknown}
 B - a potion of poison {unknown}
 H - a potion of lignification {unknown}
 I - a potion of invisibility {unknown}
Books
 b - a book of Frost

   Spells                             Type                      Level
   a - Freeze                         Ice                          1
   b - Throw Frost                    Conjuration/Ice              2
   c - Ozocubu's Armour               Charms/Ice                   3
   d - Throw Icicle                   Conjuration/Ice              4
   e - Summon Ice Beast               Ice/Summoning                4
   f - Condensation Shield            Ice                          4
 y - a book of the Tempests

   Spells                             Type                      Level
   a - Static Discharge               Conjuration/Air              3
   b - Lightning Bolt                 Conjuration/Air              5
   c - Fireball                       Conjuration/Fire             5
   d - Tornado                        Air                          9
   e - Shatter                        Earth                        9
Comestibles
 w - 4 bread rations
 F - a meat ration


   Skills:
 + Level 5.1 Fighting
 + Level 6.0 Polearms
 + Level 7.2 Dodging
 - Level 2.1 Stealth
 + Level 5.6 Spellcasting
 - Level 0.7 Conjurations
 + Level 2.9 Charms
 + Level 6.6 Ice Magic
 + Level 2.6 Evocations


You had 9 spell levels left.
You knew the following spells:

 Your Spells              Type           Power        Failure   Level  Hunger
a - Freeze                Ice            ###.         1%          1    None
b - Throw Frost           Conj/Ice       ##....       6%          2    ##.....
c - Ozocubu's Armour      Chrm/Ice       ###.....     10%         3    ###....
d - Condensation Shield   Ice            ###.......   12%         4    ####...


Dungeon Overview and Level Annotations

Branches:
Dungeon (8/15)             Temple (1/1) D:6
   Lair: D:8-11

Altars:
Ashenzari
Elyvilon
Fedhas
Makhleb
Nemelex Xobeh
Okawaru
Qazlal
Ru
Sif Muna
Xom
Zin
The Shining One

Annotations:
D:2 Natasha


Message History

Casting: Freeze
Confirm with . or Enter, or press ? or * to list all spells.
Aiming: Freeze
Press: ? - help, Shift-Dir - straight line, f - killer bee
Aim: a killer bee (moderately wounded)
You freeze the killer bee.
The killer bee is almost dead.
* * * LOW HITPOINT WARNING * * *
You feel sick.
The killer bee stings you but does no damage. x2
Casting: Freeze
Confirm with . or Enter, or press ? or * to list all spells.
Aiming: Freeze
Press: ? - help, Shift-Dir - straight line, f/p - killer bee
Aim: a killer bee (almost dead)
You freeze the killer bee.
The killer bee is almost dead.
* * * LOW HITPOINT WARNING * * *
You feel sick. The killer bee closely misses you. The killer bee stings you!
You die...

#..._...#.......##
#.......#........# #
##.....##........# ##
##...##.........# #.
######.........#####.
#.........##.##. ##.......###....
### #########.........##.#.. #.##
#......@................ ...###
##.###.y.#...............
.....####......#.................
..........#.#####................
...............)............###..
............#.######.....##......
#..###.........# #####.######..
.....#.#.......# #..###....
#.#..))....._..## ##........


You could see a killer bee.

Vanquished Creatures
  A spriggan (D:7)
  An ice beast (D:5)
  Duvessa (D:4)
  An orc warrior (D:7)
  2 ogres
  A phantom (D:8)
  A big kobold (D:7)
  Dowan (D:4)
  A giant frog (D:7)
  3 scorpions
  3 killer bees
  2 crimson imps (D:4)
  A centaur zombie (D:7)
  A giant frog skeleton (D:5)
  A hound (D:3)
  A quasit (D:3)
  A centaur skeleton (D:4)
  7 orc priests
  5 worker ants
  Natasha (D:2)
  5 orc wizards
  2 iguanas
  A hound skeleton (D:4)
  A mummy (D:8)
  Robin (D:4)
  10 adders
  A shadow imp (D:5)
  An adder skeleton (D:7)
  2 worms
  32 orcs
  4 ball pythons
  4 giant cockroaches
  16 hobgoblins
  6 jackals (D:3)
  3 quokkas
  5 bats
  5 giant geckos
  A giant gecko skeleton (D:5)
  A giant gecko zombie (D:5)
  5 giant newts
  24 goblins
  A goblin zombie (D:4)
  A hobgoblin zombie (D:4)
  20 kobolds
  2 kobold zombies (D:4)
  An orc skeleton (D:4)
  An orc zombie (D:4)
  6 rats
198 creatures vanquished.

Notes
Turn   | Place    | Note
--------------------------------------------------------------
     0 | D:1      | mrath the Merfolk Ice Elementalist began the quest for the Orb.
     0 | D:1      | Reached XP level 1. HP: 13/13 MP: 3/3
   540 | D:1      | Reached XP level 2. HP: 17/19 MP: 0/5
   623 | D:1      | Learned a level 2 spell: Throw Frost
   998 | D:1      | Reached skill level 1 in Fighting
  1093 | D:1      | Reached XP level 3. HP: 26/26 MP: 3/6
  1947 | D:2      | Reached skill level 4 in Ice Magic
  2307 | D:2      | Reached XP level 4. HP: 29/33 MP: 3/7
  2543 | D:2      | Noticed Natasha
  2552 | D:2      | Killed Natasha
  2802 | D:2      | Noticed Natasha
  2995 | D:3      | Reached XP level 5. HP: 38/38 MP: 9/9
  3406 | D:3      | Found a shattered altar of Ashenzari.
  3610 | D:3      | Found a stormy altar of Qazlal.
  3610 | D:3      | Found a sacrificial altar of Ru.
  3727 | D:3      | Found a sparkling altar of Nemelex Xobeh.
  4194 | D:3      | Reached XP level 6. HP: 46/46 MP: 10/10
  4485 | D:4      | Reached skill level 5 in Ice Magic
  4949 | D:4      | Reached skill level 5 in Dodging
  4949 | D:4      | Reached XP level 7. HP: 47/52 MP: 12/12
  4980 | D:4      | Learned a level 3 spell: Ozocubu's Armour
  4988 | D:4      | Learned a level 4 spell: Condensation Shield
  5276 | D:3      | Reached skill level 1 in Polearms
  5592 | D:4      | Noticed Robin
  5598 | D:4      | Killed Robin
  6062 | D:4      | Noticed Duvessa
  6062 | D:4      | Noticed Dowan
  6071 | D:4      | Killed Duvessa
  6089 | D:4      | Killed Dowan
  6089 | D:4      | Reached XP level 8. HP: 60/60 MP: 12/14
  6170 | D:4      | Found a glowing golden altar of the Shining One.
  6267 | D:4      | Upgraded the game from 0.17-a0-2208-ge5ab1d3 to 0.17-a0-2215-g49c1de0
  6286 | D:5      | Entered Level 5 of the Dungeon
  6311 | D:5      | Found a sand-covered staircase.
  6317 | Ossuary  | Entered an ossuary
  6688 | D:5      | Reached skill level 6 in Dodging
  6831 | D:5      | Found an iron altar of Okawaru.
  6856 | D:5      | Became a worshipper of Warmaster Okawaru
  7684 | D:5      | Reached skill level 1 in Charms
  7977 | D:6      | Reached skill level 1 in Evocations
  8502 | D:6      | Found a staircase to the Ecumenical Temple.
  8509 | D:6      | Reached skill level 5 in Spellcasting
  8532 | Temple   | Entered the Ecumenical Temple
  8604 | D:6      | Reached skill level 5 in Polearms
  9091 | D:7      | Reached XP level 9. HP: 65/67 MP: 9/16
  9152 | D:7      | Found a glowing silver altar of Zin.
  9238 | D:7      | Reached skill level 5 in Fighting
  9562 | D:7      | Reached * piety under Okawaru
  9643 | D:7      | Reached skill level 7 in Dodging
  9781 | D:7      | Found a deep blue altar of Sif Muna.
 10309 | D:7      | HP: 3/68 [poisoned by a killer bee]
 10310 | D:7      | Slain by a killer bee

Vault maps used:
D:1:      dpeg_arrival_morbid_curiosity, kennysheep_another_room
D:2:      uniq_natasha
D:3:      minitemple, nicolae_overflow_crystal_walls, nemelex_altar_shiori
D:4:      nicolae_tso_besieged_by_evil, first_bread, uniq_duvessa, uniq_robin
D:5:      okawaru_trees_1, gup_ossuary_entry_pyramid, minivault_1
D:6:      minmay_temple_entry_butterflies
D:7:      lemuel_round_altar, basic_altar, the_bakery
D:8:      special_room
Temple:   circular_temple_12
Ossuary:  ossuary_minmay_tomb_2a

Action                   |  1- 3 |  4- 6 |  7- 9 || total
-------------------------+-------+-------+-------++-------
Melee: Mace              |    37 |    59 |       ||    96
       Trident           |       |    10 |    63 ||    73
       Dagger            |       |       |    56 ||    56
 Fire: Hunting sling     |       |    32 |   143 ||   175
Throw: Stone             |   114 |    26 |     1 ||   141
 Cast: Freeze            |    44 |    78 |    82 ||   204
       Ozocubu's Armour  |       |       |     3 ||     3
       Throw Frost       |       |       |     6 ||     6
  Use: Scroll            |       |       |     8 ||     8
       Potion            |       |       |     2 ||     2
 Stab: Sleeping          |     3 |     2 |       ||     5
  Eat: Chunk             |     2 |     7 |     7 ||    16
       Bread ration      |     1 |       |     2 ||     3
       Fruit             |       |       |     5 ||     5
